 Dungeon Crawl Stone Soup version 0.26-a0-682-g294304f6e8 (webtiles) character file.

Game seed: 10174899578561705648

87 lunkers the Chiller (level 4, -2/30 HPs)
             Began as a Vampire Ice Elementalist on Oct 21, 2020.
             Slain by a gnoll
             ... wielding a +0 spear
              (10 damage)
             ... on level 3 of the Dungeon.
             The game lasted 00:03:33 (1482 turns).

lunkers the Chiller (Vampire Ice Elementalist)      Turns: 1482, Time: 00:03:34

Health: -2/30      AC:  2    Str:  7    XL:     4   Next: 28%
Magic:  5/8        EV: 12    Int: 18    God:
Gold:   84         SH:  0    Dex: 14    Spells: 1/8 levels left

rFire    . . .     SeeInvis +   k - +0 dagger
rCold    . . .     Faith    .   (no shield)
rNeg     . . .     Spirit   .   a - +0 robe
rPois    .         Reflect  .   (no helmet)
rElec    .         Harm     .   (no cloak)
rCorr    .         Rampage  .   (no gloves)
MR       .....                  (no boots)
Stlth    ++........             i - amulet of magic regeneration
HPRegen  0.30/turn              (no ring)
MPRegen  0.36/turn              (no ring)

@: very slightly contaminated, regenerating quickly
A: fangs 3, see invisible, unbreathing
a: Exsanguinate


You were on level 3 of the Dungeon.
You visited 1 branch of the dungeon, and saw 3 of its levels.

You collected 84 gold pieces.

Inventory:

Hand Weapons
 k - a +0 dagger (weapon)
Armour
 a - a +0 robe (worn)
Jewellery
 b - an uncursed amulet of faith {unknown}
 i - an amulet of magic regeneration (around neck)
Scrolls
 c - 2 scrolls of teleportation {unknown}
 e - 3 scrolls of identify {unknown}
 h - a scroll of amnesia {unknown}
 j - 2 scrolls of enchant weapon {unknown}
 l - a scroll of magic mapping {unknown}
 m - a scroll of enchant armour {unknown}
Potions
 d - 2 potions of curing {unknown}
 f - a potion of flight {unknown}
 g - 2 potions of magic {unknown}
 n - a potion of might {unknown}
 o - a potion of resistance {unknown}


   Skills:
 - Level 2.1 Dodging
 - Level 3.0 Stealth
 + Level 2.9 Spellcasting
 * Level 5.3 Ice Magic


You had one spell level left.
You knew the following spells:

 Your Spells              Type           Power        Failure   Level
a - Freeze                Ice            ###.         1%          1
b - Frozen Ramparts       Ice            ###...       5%          3
c - Ozocubu's Armour      Ice            ###.....     5%          3

Your spell library contained the following spells:

 Spells                   Type           Power        Failure   Level
 Hailstorm                Conj/Ice       ##......     50%         4
 Summon Ice Beast         Ice/Summ       ##......     50%         4


Dungeon Overview and Level Annotations

Branches:
Dungeon (3/15)

Altars:


Innate Abilities, Weirdness & Mutations

Your natural rate of healing is unusually fast.
You have razor-sharp teeth.
You have supernaturally acute eyesight. (SInv)
You can survive without breathing.


Message History

* * * LOW HITPOINT WARNING * * *
The bat hits you but does no damage.
The gnoll hits you from afar with a +0 spear.
* * * LOW HITPOINT WARNING * * *
The bat hits you but does no damage. The bat closely misses you.
The bat hits you but does no damage. The bat barely misses you.
The bat hits you but does no damage. The bat closely misses you.
The bat barely misses you. The gnoll barely misses you.
The bat barely misses you. The gnoll closely misses you.
Casting: Freeze (safe; 1% risk of failure)
Confirm with . or Enter, or press ? or * to list all spells.
You miscast Frozen Ramparts.
You are very lightly contaminated with residual magic.
Nothing appears to happen.
The gnoll hits you from afar with a +0 spear!
You die...

######### #......... #)#.#.# #.#
##### ###.)...###.# #...#
#<..).......#### #######.#.#
##..#.###.#....# #.....#.#.#
##.##.###.#....#######.#.#.#.#
#........>......@.gg.g.......#
#....<.##......####b#o.#..##.#
#.###..........# #.#..#..##.# #)
#..........####.#.......(####
#.................(...o..........
#####......###...................
........# #.##.....#......####
.........# #.##.###.#....#####.
#..##....... ...................


You could see 3 gnolls, an orc and a bat.

Vanquished Creatures
  An orc wizard (D:3)
  An adder (D:2)
  A leopard gecko (D:1)
  3 orcs (D:3)
  A ball python (D:2)
  8 giant cockroaches (D:1)
  6 hobgoblins
  3 kobolds
  A quokka (D:2)
  7 bats
  3 frilled lizards (D:1)
  3 goblins
  7 rats
45 creatures vanquished.

Notes
Turn   | Place    | Note
-------+----------+-------------------------------------------
     0 | D:1      | lunkers the Vampire Ice Elementalist began the quest for
                  | the Orb.
     0 | D:1      | Reached XP level 1. HP: 13/13 MP: 3/3
   258 | D:1      | Reached XP level 2. HP: 17/19 MP: 3/5
   631 | D:1      | Reached XP level 3. HP: 21/24 MP: 3/6
   882 | D:2      | Learned a level 3 spell: Frozen Ramparts
   886 | D:2      | Learned a level 3 spell: Ozocubu's Armour
  1158 | D:2      | Reached skill level 5 in Ice Magic
  1401 | D:3      | Reached XP level 4. HP: 30/30 MP: 2/8
  1482 | D:3      | Slain by a gnoll

Illustrated notes

Levels and vault maps discovered:
D:1:      mrwooster_arrival_arrow, layout_rooms, minmay_worlds_worst_comb
D:2:      layout_basic, corexii_item_surrounded_by_moat, serial_bayou_lake_a
D:3:      layout_basic, grunt_qazlal_clouds

Skill      XL: |  1  2  3 |
---------------+----------+-----
Ice Magic      | 5 |  5.3
Dodging        | |  2.1
Stealth        | |  3.0
Spellcasting   | |  2.9

Action                   |  1- 3 |  4- 6 || total
-------------------------+-------+-------++-------
Melee: Unarmed           |    10 |       ||    10
 Cast: Freeze            |    60 |     4 ||    64
       Frozen Ramparts   |     1 |       ||     1
Armor: Robe              |    14 |     4 ||    18
Dodge: Dodged            |    46 |    12 ||    58

Table legend: (Time is in decaauts)
 A = Elapsed time spent in this place.
 B = Non-inter-level travel time spent in this place.
 C = Inter-level travel time spent in this place.
 D = Time resting spent in this place.
 E = Time spent auto-exploring this place.
 F = Levels seen in this place.
 G = Mean time per level.
                   A        B        C        D        E       F      G
               +--------+--------+--------+--------+--------+-----+--------+
         Total |   1503 |   1478 |     25 |      0 |   1136 |   3 |  501.0 |
       Dungeon |   1503 |   1478 |     25 |      0 |   1136 |   3 |  501.0 |
               +--------+--------+--------+--------+--------+-----+--------+

Top non-repeatable levels by time:
     D:1: 775 daAuts
     D:2: 642 daAuts
     D:3: 86 daAuts
